 Dungeon Crawl Stone Soup version 0.28.0-53-g5a82cb258f (webtiles) character file.

Game seed: 9842456503812259044

20644 cbfl8 the Severer (level 12, 0/110 HPs)
             Began as a Minotaur Berserker on Aug 9, 2022.
             Was a High Priest of Trog.
             Killed by divine providence
             ... invoked by a meliai
              (11 damage)
             ... on level 12 of the Dungeon.
             The game lasted 00:20:34 (13882 turns).

cbfl8 the Severer (Minotaur Berserker)             Turns: 13882, Time: 00:20:35

Health: 0/110      AC: 19    Str: 22      XL:     12   Next: 47%
Magic:  20/20      EV:  7    Int:  4 (7)  God:    Trog [*****.]
Gold:   611        SH: 20    Dex: 19      Spells: 11/11 levels left

rFire   + + +      SeeInvis .   k - +0 broad axe
rCold   . . .      Faith    .   w - +0 tower shield "Sirakeg" {rElec rF++ Will- Stlth+}
rNeg    . . .      Spirit   .   x - +3 plate armour {rF+}
rPois   .          Reflect  +   (helmet restricted)
rElec   +          Harm     .   (no cloak)
rCorr   .          Rampage  .   d - +0 pair of gloves
Will    .....                   n - +0 pair of boots
Stlth   ..........              y - amulet "Ehehy" {Reflect Int+3 Dex+6 SH+5}
HPRegen 0.28/turn               o - ring of magical power
MPRegen 0.17/turn               (no ring)

@: lethally poisoned (0 -> -1), about to teleport, on berserk cooldown, slowed,
studying Long Blades, very slow
A: horns 2, retaliatory headbutt, clumsy 1
a: Renounce Religion, Berserk, Trog's Hand, Brothers in Arms


You were on level 12 of the Dungeon.
You worshipped Trog.
Trog was extremely pleased with you.
You visited 1 branch of the dungeon, and saw 12 of its levels.
You visited the Abyss 1 time.
You also visited: Bailey.

You collected 755 gold pieces.
You spent 144 gold pieces at shops.

Inventory:

Hand Weapons
 k - a +0 broad axe (weapon)
Armour
 d - a +0 pair of gloves (worn)
 m - a +1 plate armour
 n - a +0 pair of boots (worn)
 t - a +0 kite shield
 w - the +0 tower shield "Sirakeg" (worn) {rElec rF++ Will- Stlth+}
   (You found it in a bailey)

   rF:        It greatly protects you from fire.
   rElec:     It insulates you from electricity.
   Will:      It decreases your willpower.
   Stlth:     It makes you more stealthy.
 x - a +3 plate armour of fire resistance (worn)
Jewellery
 i - an amulet of guardian spirit
 o - a ring of magical power (left hand)
 y - the amulet "Ehehy" (around neck) {Reflect Int+3 Dex+6 SH+5}
   (You found it in a bailey)

   [amulet of reflection]

   It reflects blocked missile attacks.
   Int:       It affects your intelligence (+3).
   Dex:       It affects your dexterity (+6).
   SH:        It affects your SH (+5).
Wands
 a - a wand of iceblast (21)
 q - a wand of flame (60) (quivered)
 F - a wand of polymorph (5)
 G - a wand of acid (6)
 I - a wand of digging (4)
 J - a wand of mindburst (11)
Scrolls
 b - 4 scrolls of teleportation
 e - 2 scrolls of immolation
 h - a scroll of enchant weapon
 z - 3 scrolls of noise
 A - a scroll of magic mapping
 C - a scroll of brand weapon {unknown}
 D - a scroll of acquirement {unknown}
 E - 2 scrolls of enchant armour
 H - a scroll of blinking {unknown}
 L - a scroll of amnesia {unknown}
Potions
 c - 4 potions of lignification
 f - 2 potions of ambrosia
 g - 2 potions of curing
 j - 3 potions of haste
 l - 3 potions of might {unknown}
 p - 3 potions of flight {unknown}
 r - 4 potions of mutation
 s - 3 potions of degeneration {unknown}
 u - 4 potions of cancellation {unknown}
 v - 2 potions of invisibility {unknown}
 B - a potion of attraction {unknown}


   Skills:
 * Level 11.1 Fighting
 * Level 16.6 Axes
 + Level 8.4 Armour
 * Level 8.1 Dodging
 + Level 0.6 Stealth
 + Level 5.8 Shields
 * Level 6.4 Evocations


You had 11 spell levels left.
You didn't know any spells.
Your spell library was empty.

Dungeon Overview and Level Annotations

Branches:
Dungeon (12/15)            Temple (0/1) D:5            Lair (0/6) D:11
    Orc (0/2) D:11         Bailey (visited)

Altars:
Trog
Xom

Shops:
D:5 :(*   D:7 *

Annotations:
D:9 2 transporters, Cheops's ghost, novice DsFi


Innate Abilities, Weirdness & Mutations

You have a pair of horns on your head.
You reflexively headbutt those who attack you in melee.
You are clumsy. (Dex -2)


Message History

You are too injured to fight recklessly!
Unknown command.
You are too injured to fight recklessly!
Unknown command.
You slash the killer bee! You headbutt the killer bee!
You kill the killer bee!
Trog accepts your kill.
You slice the queen bee!!
You feel sick.
The meliai invokes the aid of its god against you.
Something smites you!
You hit the queen bee but do no damage.
The queen bee is heavily wounded.
You feel sick.
You slice the queen bee!!
You kill the queen bee!
Trog accepts your kill.
You feel sick.
The meliai invokes the aid of its god against you.
Something smites you! You block the killer bee's attack.
The meliai calls down the wrath of its god upon you.
Something smites you!
* * * LOW HITPOINT WARNING * * *
You feel sick.
You feel a strong urge to attack something.
You feel sick. You block the killer bee's attack.
You are no longer berserk.
You are exhausted.
You feel yourself slow down.
The meliai calls down the wrath of its god upon you.
Something smites you!
* * * LOW HITPOINT WARNING * * *
You feel sick. You block the killer bee's attack. x2
The killer bee stings you but does no damage.
As you read the scroll of teleportation, it crumbles to dust.
You feel strangely unstable.
You feel sick. You block the killer bee's attack.
The killer bee stings you but does no damage.
You block the killer bee's attack.
The meliai mumbles some strange prayers to its god against you.
Something smites you!
You die...

#.######.#.###.##....
#..[..##.#.###..####'
#.....'..............
##....#########..###.
#####....# y.†!.#..# #.
#........# yyy..##.# #.
#........# ..y #..# #.
#......y.###y######.###.
#......@y..yy........##.
#......yy##########..##.
#.....#.## #.....#.
#.....#.# #.#.#.#
#.....#.# ###.###.#
#######.# ##.....##. #.#
##:......### #..
.##....^....## #.#
......^>^.....


You could see 2 meliai and 5 killer bees.

Vanquished Creatures
  Frances (D:12)
  Erolcha (D:11)
  A centaur warrior (D:11)
  2 two-headed ogres
  A glowing orange brain (shapeshifter) (D:12)
  Pikel (D:4)
  2 wizards (D:12)
  2 deep elf zephyrmancers (D:12)
  2 oklob plants (D:11)
  3 cyclopes
  Joseph (D:10)
  Maggie (D:7)
  2 gargoyles
  A kobold demonologist (D:12)
  A komodo dragon (D:10)
  A silent spectre (Abyss:3)
  A troll (D:11)
  A queen bee (D:12)
  2 hornets
  A meliai zombie (D:11)
  A raiju (shapeshifter) (D:9)
  A shadow (D:10)
  A wyvern (D:7)
  16 yaks
  A wraith (D:10)
  2 vampire mosquitoes (D:11)
  Menkaure (D:4)
  A warg (D:11)
  A water moccasin (D:7)
  3 orc warriors
  A sky beast (D:8)
  2 black bears
  A hornet zombie (D:7)
  2 necrophages
  An ogre (D:5)
  3 boggarts (D:12)
  9 centaurs
  3 phantoms
  2 lemures (D:4)
  Blork the orc (D:5)
  A kobold brigand (D:8)
  6 bullfrogs
  A scorpion (D:7)
  A wyvern skeleton (D:7)
  2 water moccasin skeletons
  4 killer bees (D:12)
  6 howler monkeys
  9 vampire bats (Bailey)
  4 wolf zombies (Bailey)
  A bullfrog skeleton (D:7)
  A bullfrog zombie (D:5)
  8 centaur zombies
  3 jellies
  A hound (D:7)
  7 orc priests
  A centaur skeleton (D:7)
  An iron imp (Abyss:3)
  An iguana (D:5)
  5 orc wizards
  A hound skeleton (D:5)
  2 howler monkey zombies (D:6)
  4 adders
  A shadow imp (D:7)
  2 white imps
  An ufetubus (D:4)
  An adder zombie (D:5)
  An adder skeleton (D:4)
  A worm (D:3)
  4 dart slugs
  39 orcs
  8 bats
  5 endoplasms
  2 giant cockroaches
  5 goblins
  11 hobgoblins
  2 jackals (D:1)
  2 quokkas
  8 ball pythons
  A frilled lizard (D:2)
  10 kobolds
  25 orc zombies (Bailey)
  4 rats (D:1)
284 creatures vanquished.

Vanquished Creatures (collateral kills)
  2 vampires (Bailey)
2 creatures vanquished.

Vanquished Creatures (others)
  A demonic plant (D:3)
  3 fungi (D:3)
  17 plants
21 creatures vanquished.

Grand Total: 307 creatures vanquished

Notes
Turn   | Place    | Note
-------+----------+-------------------------------------------
     0 | D:1      | cbfl8 the Minotaur Berserker began the quest for the Orb.
     0 | D:1      | Reached XP level 1. HP: 19/19 MP: 0/0
   324 | D:1      | Reached XP level 2. HP: 20/27 MP: 1/1
   333 | D:1      | Reached skill level 4 in Axes
   633 | D:1      | Reached ** piety under Trog
   950 | D:2      | Reached XP level 3. HP: 33/33 MP: 2/2
  1496 | D:3      | Found a faded altar of an unknown god.
  1590 | D:3      | Reached skill level 5 in Axes
  1590 | D:3      | Reached XP level 4. HP: 33/40 MP: 3/3
  2439 | D:4      | Reached XP level 5. HP: 46/47 MP: 4/4
  2469 | D:4      | Found a shimmering altar of Xom.
  2470 | D:4      | Noticed a lemure
  2471 | D:4      | Noticed a lemure
  2472 | D:4      | Noticed Pikel
  2474 | D:4      | Reached skill level 6 in Axes
  2476 | D:4      | Noticed a lemure
  2480 | D:4      | Killed a lemure
  2480 | D:4      | Noticed a lemure
  2484 | D:4      | Killed a lemure
  2489 | D:4      | Killed Pikel
  2490 | D:4      | Reached skill level 5 in Fighting
  2490 | D:4      | Reached skill level 7 in Axes
  2490 | D:4      | Reached skill level 1 in Evocations
  2490 | D:4      | Reached XP level 6. HP: 56/56 MP: 5/5
  2490 | D:4      | Reached XP level 7. HP: 61/61 MP: 6/6
  2600 | D:4      | Identified the +5 dagger of Xoefogull {spect, Will- rCorr
                  | Int+6 Stlth+}
  2653 | D:4      | Reached skill level 8 in Axes
  2788 | D:4      | Reached *** piety under Trog
  3017 | D:4      | Noticed Menkaure
  3025 | D:4      | Killed Menkaure
  3047 | D:4      | Reached skill level 9 in Axes
  3047 | D:4      | Reached XP level 8. HP: 53/69 MP: 7/7
  3229 | D:5      | Entered Level 5 of the Dungeon
  3478 | D:5      | Found Reten's Book Boutique.
  3518 | D:5      | Found Qujirch's Antique Weapon Shoppe.
  3535 | D:5      | Found Aseag's Assorted Antiques.
  3835 | D:5      | Noticed Blork the orc
  3844 | D:5      | Killed Blork the orc
  3949 | D:5      | Found a staircase to the Ecumenical Temple.
  4240 | D:5      | Reached skill level 10 in Axes
  4331 | D:5      | Bought 3 scrolls of identify for 144 gold pieces
  4750 | D:6      | Reached skill level 5 in Armour
  4922 | D:7      | Noticed a cyclops
  4929 | D:7      | Killed a cyclops
  4930 | D:7      | Reached skill level 11 in Axes
  4930 | D:7      | Reached XP level 9. HP: 30/78 MP: 4/8
  4934 | D:7      | Reached skill level 5 in Dodging
  5222 | D:7      | Noticed Maggie
  5242 | D:7      | Killed Maggie
  5352 | D:7      | Reached skill level 12 in Axes
  5355 | D:7      | Reached **** piety under Trog
  5562 | D:7      | Paralysed by a hornet for 1 turns
  5911 | D:7      | Found Ilum's Elemental Accessories.
  6244 | D:8      | Reached XP level 10. HP: 62/88 MP: 9/9
  6269 | D:8      | Found a flagged portal.
  6283 | Bailey   | Entered a bailey
  6483 | Bailey   | Noticed a gargoyle
  6494 | Bailey   | Killed a gargoyle
  7069 | Bailey   | Reached skill level 1 in Shields
  7069 | Bailey   | Reached ***** piety under Trog
  7078 | Bailey   | Reached skill level 13 in Axes
  7353 | Bailey   | Identified the +0 tower shield "Sirakeg" {rElec rF++ Will-
                  | Stlth+}
  7358 | Bailey   | Identified the amulet "Ehehy" {Reflect Int+3 Dex+6 SH+5}
  7989 | D:9      | Noticed a tengu warrior
  7989 | D:9      | Noticed a two-headed ogre
  7989 | D:9      | Noticed a moth of wrath
  7990 | D:9      | Noticed a two-headed ogre
  7994 | D:9      | Found a bloodstained altar of Trog.
  8122 | D:9      | Noticed a two-headed ogre
  8122 | D:9      | Noticed Cheops's ghost (novice DsFi)
  8130 | D:9      | Found a transporter.
  8135 | D:9      | Found a transporter.
  8151 | D:9      | Noticed a two-headed ogre
  8322 | D:9      | Reached skill level 5 in Evocations
  8373 | D:9      | Identified the +6 great sword of Insufficient Pleasure
                  | {vorpal, rC+ Str+5}
  8461 | D:9      | Noticed a two-headed ogre
  8470 | D:9      | Killed a two-headed ogre
  8748 | D:10     | Entered Level 10 of the Dungeon
  8770 | D:10     | Reached skill level 14 in Axes
  8815 | D:10     | Reached XP level 11. HP: 85/95 MP: 10/10
  9404 | D:10     | Noticed Joseph
  9410 | D:10     | Killed Joseph
  9639 | D:11     | Noticed a centaur warrior
  9651 | D:11     | Killed a centaur warrior
 10077 | D:11     | Found a staircase to the Orcish Mines.
 10162 | D:11     | Noticed an oklob plant
 10182 | D:11     | Reached skill level 15 in Axes
 10636 | D:11     | Noticed Erolcha
 10643 | D:11     | Reached skill level 10 in Fighting
 10643 | D:11     | Reached skill level 5 in Shields
 10652 | D:11     | Killed Erolcha
 11256 | D:11     | Noticed an oklob plant
 11257 | D:11     | Found a staircase to the Lair.
 11281 | D:11     | Killed an oklob plant
 11585 | D:11     | Killed an oklob plant
 12175 | D:12     | Noticed a two-headed ogre
 12183 | D:12     | Killed a two-headed ogre
 12184 | D:12     | Reached XP level 12. HP: 75/107 MP: 11/11
 12742 | D:12     | Reached skill level 16 in Axes
 12745 | D:12     | Noticed a six-headed hydra
 12747 | D:12     | Noticed a two-headed ogre
 13115 | D:12     | Cast into level 3 of the Abyss (a wizard)
 13183 | D:12     | Escaped the Abyss
 13383 | D:12     | Noticed Frances
 13387 | D:12     | Gained mutation: You are clumsy. (Dex -2) [a neqoxec]
 13398 | D:12     | Killed Frances
 13882 | D:12     | Killed from afar by a meliai

Illustrated notes

Levels and vault maps discovered:
D:1:      nzn_arrival_depleted_hourglass, layout_basic, minmay_tromino_mix6
D:2:      layout_basic
D:3:      layout_basic, shapermc_ecumenical_altar_gd
D:4:      layout_basic, old_standard_altar, minmay_manual_monstrance,
          uniq_pikel, uniq_menkaure
D:5:      layout_cave_pods, minmay_temple_entry_proselytizer, serial_shops,
          nicolae_shop_trees, nicolae_diamond_shop, shop,
          nicolae_figureground_pulse, uniq_blork_the_orc
D:6:      layout_rooms
D:7:      layout_rooms, nicolae_elemental_shop, uniq_maggie
D:8:      layout_cave_pools, enter_bailey_4, serial_park, serial_park_central
          [serial_park_minivault_5x5_7, serial_park_minivault_5x5_5],
          serial_park_tiny_pond, serial_park_square3
          [serial_park_minivault_5x5_5], serial_park_tiny_2, serial_park_tiny_1
D:9:      layout_roguey, gammafunk_ghost_wrathful_warriors
D:10:     layout_roguey, uniq_joseph
D:11:     layout_basic, dpeg_oklobed_lair, erik_orc_3,
          minmay_misc_feat_more_columns, grunt_ministairs_12, uniq_erolcha
D:12:     layout_basic, special_room [special_room_bee],
          bh_hangedman_babel_library, uniq_frances

Skill      XL: |  1  2  3  4  5  6  7  8  9 10 11 12 |
---------------+-------------------------------------+-----
Axes           | 4 5 7 9 11 12 14 15 16 | 16.6
Fighting       | 4 5 6 7 8 10 11 | 11.1
Armour         | 3 4 5 6 7 8 |  8.4
Dodging        | 3 4 5 6 7 8 |  8.1
Evocations     | 1 2 3 4 5 6 |  6.4
Shields        | 3 5 |  5.8
Stealth        | |  0.6

Action                   |  1- 3 |  4- 6 |  7- 9 | 10-12 || total
-------------------------+-------+-------+-------+-------++-------
Melee: Hand axe          |    96 |    47 |    28 |       ||   171
       Punch             |     2 |     1 |     4 |       ||     7
       Headbutt          |    14 |     8 |    49 |   105 ||   176
       War axe           |       |       |    44 |       ||    44
       Broad axe         |       |       |   137 |   435 ||   572
Invok: Berserk           |     1 |     1 |     2 |     8 ||    12
       Trog's Hand       |       |       |     1 |       ||     1
       Brothers in Arms  |       |       |       |     1 ||     1
Evoke: Wand              |       |       |     1 |       ||     1
  Use: Scroll            |       |     5 |     5 |     6 ||    16
       Potion            |       |       |     3 |     1 ||     4
Armor: Animal skin       |    11 |       |       |       ||    11
       Plate armour      |    42 |    24 |   128 |   237 ||   431
Dodge: Dodged            |    55 |    10 |   106 |   106 ||   277
Block: Kite shield       |       |       |    10 |    59 ||    69
       Tower shield      |       |       |       |   343 ||   343
       Reflection        |       |       |       |    29 ||    29
